 Dungeon Crawl Stone Soup version 0.18.1-8-gdd0e5ea (webtiles) character file.

1533 Quirk the Skirmisher (level 8, -4/65 HPs)
             Began as a Demonspawn Gladiator on May 25, 2016.
             Slain by a sky beast (6 damage)
             ... on level 6 of the Dungeon.
             The game lasted 00:09:16 (5009 turns).

Quirk the Skirmisher (Demonspawn Gladiator)         Turns: 5009, Time: 00:09:17

Health: -4/65      AC:  9    Str: 15    XL:     8   Next: 55%
Magic:  8/8        EV: 18    Int: 10    God:
Gold:   240        SH:  0    Dex: 16    Spells: 0 memorised, 7 levels left

rFire  + + .     SeeInvis .     v - +0 whip (elec)
rCold  . . .     Gourm    .     C - +0 leather armour {rF+}
rNeg   . . .     Faith    .     (no shield)
rPois  .         Spirit   .     c - +0 helmet
rElec  .         Dismiss  .     (no cloak)
rCorr  .         Reflect  .     (no gloves)
SustAt .         Harm     .     H - +2 pair of boots
MR     .....                    (no amulet)
Stlth  +++.......               i - ring of protection from fire
                                e - +2 ring of protection

@: not resistant to hostile enchantments, fairly stealthy
A: claws 1, repulsion field 2, nightstalker 1
a: no special abilities


You were on level 6 of the Dungeon.
You were hungry.

You visited 1 branch of the dungeon, and saw 6 of its levels.

You collected 240 gold pieces.

Inventory:

Hand Weapons
 a - a +0 war axe
 v - a +0 whip of electrocution (weapon)
 A - a +0 whip of freezing
Missiles
 d - 3 throwing nets (quivered)
 K - 2 poisoned tomahawks
Armour
 c - a +0 helmet (worn)
 C - a +0 leather armour of fire resistance (worn)
 G - a +0 chain mail
 H - a +2 pair of boots (worn)
Jewellery
 e - a +2 ring of protection (left claw)
 i - a ring of protection from fire (right claw)
 B - an uncursed ring of stealth {unknown}
Wands
 F - a wand of polymorph (11/24)
Scrolls
 b - 2 scrolls of enchant armour {unknown}
 h - 2 scrolls of fog {unknown}
 j - 2 scrolls of blinking {unknown}
 l - 2 scrolls of immolation {unknown}
 n - 4 scrolls of identify {unknown}
 p - 2 scrolls of magic mapping {unknown}
 r - a scroll of random uselessness {unknown}
 t - 2 scrolls of remove curse {unknown}
 w - 2 scrolls of fear {unknown}
 x - 2 scrolls of teleportation {unknown}
 y - a scroll of noise {unknown}
Potions
 m - 2 potions of curing
 q - 2 potions of heal wounds
 u - 2 potions of lignification {unknown}
 z - a potion of haste {unknown}
 D - a potion of invisibility {unknown}
 E - a potion of might {unknown}
 I - a potion of flight {unknown}
 L - 2 potions of berserk rage {unknown}
 M - a potion of mutation {unknown}
Comestibles
 f - 5 bread rations
 g - 3 beef jerkies
 k - 2 meat rations
 o - 2 royal jellies
 s - 6 fruits


   Skills:
 * Level 6.4 Fighting
 + Level 4.7 Axes
 - Level 1.7 Throwing
 + Level 3.5 Armour
 * Level 6.2 Dodging
 + Level 1.4 Stealth


You had 7 spell levels left.
You didn't know any spells.

Dungeon Overview and Level Annotations

Branches:
Dungeon (6/15)
 Temple: D:4-7

Altars:
Ashenzari
Cheibriados
Dithmenos
Elyvilon
Makhleb
Ru
Sif Muna
Vehumet
Xom
The Shining One


Innate Abilities, Weirdness & Mutations

You have sharp fingernails.
You are surrounded by a moderate repulsion field (EV +3).
You are slightly more attuned to the shadows.


Message History

You completely miss something.
A sky beast appears from thin air!
Reactivating autopickup.
The sky beast barely misses you.
You barely miss the sky beast.
The sky beast is almost dead.
You are standing in the rain.
The sky beast flickers out of sight!
Deactivating autopickup; reactivate with Ctrl-A.
Something hits you but does no damage.
You hit something. Something hits you but does no damage.
You miss something. Something hits you but does no damage.
You barely miss something. Something hits you but does no damage.
You hit something but do no damage. Something hits you.
* * * LOW HITPOINT WARNING * * *
Something shocks you.
* * * LOW HITPOINT WARNING * * *
You closely miss something. Something hits you but does no damage.
You hit something. Something hits you.
* * * LOW HITPOINT WARNING * * *
Something shocks you.
You die...

#.....#.### ###.#.#....
#.#.##### ####........
.......#####
......(..... #.#
!######.#.###
....######.##.......###
......@....##..........
.....{....###......####
...####......####.## #
.. ##.#.##.# #.# #
#....##.# #.## #
#.......# #..# #
#...########..# #
#####.............## #
#####
##...##..#########..# #


There were no monsters in sight!

Vanquished Creatures
  Pikel (D:4)
  The ghost of Quirk the Skirmisher, an amateur DsGl (D:3)
  A water moccasin (D:6)
  A centaur (D:6)
  2 ogres (D:6)
  A scorpion (D:6)
  3 wights (D:6)
  A crimson imp (D:6)
  A jelly (D:6)
  2 orc priests (D:5)
  An iguana (D:6)
  4 worker ants
  A worker ant zombie (D:3)
  6 adders
  5 gnolls
  An ooze (D:2)
  2 adder skeletons
  2 dart slugs (D:3)
  2 worms
  4 giant geckos
  11 orcs
  A ball python (D:3)
  6 giant cockroaches
  8 goblins
  7 hobgoblins
  9 jackals
  4 bats
  6 giant newts
  6 kobolds
  7 rats
107 creatures vanquished.

Vanquished Creatures (others)
  An orc (D:5)
  A giant cockroach (D:5)
2 creatures vanquished.

Grand Total: 109 creatures vanquished

Notes
Turn   | Place    | Note
--------------------------------------------------------------
     0 | D:1      | Quirk the Demonspawn Gladiator began the quest for the Orb.
     0 | D:1      | Reached XP level 1. HP: 16/16 MP: 1/1
    52 | D:1      | Found a shattered altar of Ashenzari.
    86 | D:1      | Gained mutation: You are surrounded by a mild repulsion field (EV +2). [demonic ancestry]
    86 | D:1      | Reached XP level 2. HP: 16/22 MP: 2/2
   628 | D:2      | Reached XP level 3. HP: 28/28 MP: 3/3
   671 | D:2      | Found a radiant altar of Vehumet.
  1455 | D:2      | Reached skill level 1 in Armour
  1475 | D:3      | Gained mutation: You are surrounded by a moderate repulsion field (EV +3). [demonic ancestry]
  1475 | D:3      | Reached XP level 4. HP: 28/35 MP: 4/4
  1532 | D:3      | Found a snail-covered altar of Cheibriados.
  1549 | D:3      | Found a sacrificial altar of Ru.
  1806 | D:3      | Found a shadowy altar of Dithmenos.
  1806 | D:3      | Found a white marble altar of Elyvilon.
  1949 | D:3      | Found a faded altar to an unknown god.
  1960 | D:3      | Reached XP level 5. HP: 23/41 MP: 5/5
  2001 | D:3      | Noticed Quirk's ghost (amateur DsGl)
  2308 | D:3      | Killed Quirk's ghost
  2308 | D:3      | Reached XP level 6. HP: 36/48 MP: 6/6
  3057 | D:5      | Entered Level 5 of the Dungeon
  3065 | D:5      | Noticed a slave
  3065 | D:5      | Noticed a slave
  3066 | D:5      | Noticed Pikel
  3066 | D:5      | Noticed a slave
  3067 | D:5      | Noticed a slave
  3092 | D:4      | Killed Pikel
  3092 | D:4      | Reached skill level 5 in Fighting
  3092 | D:4      | Reached skill level 5 in Dodging
  3092 | D:4      | Gained mutation: You are slightly more attuned to the shadows. [demonic ancestry]
  3092 | D:4      | Reached XP level 7. HP: 44/56 MP: 7/7
  3165 | D:5      | Found a glowing golden altar of the Shining One.
  4017 | D:6      | Gained mutation: You have sharp fingernails. [demonic ancestry]
  4017 | D:6      | Reached XP level 8. HP: 53/64 MP: 8/8
  4487 | D:6      | Reached skill level 1 in Stealth
  4507 | D:6      | Found a deep blue altar of Sif Muna.
  4610 | D:6      | Found a shimmering altar of Xom.
  4617 | D:6      | Found a burning altar of Makhleb.
  5009 | D:6      | HP: 2/65 [something (4)]
  5009 | D:6      | Slain by a sky beast

Skill      XL: |  1  2  3  4  5  6  7  8 |
---------------+-------------------------+-----
Axes           | 3 4 |  4.7
Fighting       | 3 4 5 6 |  6.4
Dodging        | 3 4 5 6 |  6.2
Armour         | 1 2 3 |  3.5
Stealth        | 1 |  1.4
Throwing       | |  1.7

Action                   |  1- 3 |  4- 6 |  7- 9 || total
-------------------------+-------+-------+-------++-------
Melee: War axe           |   134 |    85 |       ||   219
       Whip              |       |    66 |   183 ||   249
  Use: Potion            |       |     2 |       ||     2
 Stab: Sleeping          |       |       |     7 ||     7
  Eat: Chunk             |     2 |     5 |     6 ||    13
Armor: Leather armour    |    65 |    28 |    41 ||   134
Dodge: Dodged            |   121 |   125 |   116 ||   362
